 Dungeon Crawl Stone Soup version 0.30.1-11-g7821555f0a (webtiles) character file.

Game seed: 2742734268773001385

77676 eliilek the Severer (level 15, -2/138 (141) HPs)
             Began as a Minotaur Fighter on Jan 7, 2024.
             Was a High Priest of Ru.
             Slain by a wolf spider (14 damage)
             ... on level 1 of the Spider Nest on Jan 9, 2024.
             The game lasted 01:03:07 (21476 turns).

eliilek the Severer (Minotaur Fighter)             Turns: 21476, Time: 01:03:08

HP:   -2/138 (141)  AC: 31    Str: 25    XL:     15   Next: 16%
MP:   12/12         EV:  6    Int:  5    God:    Ru [*****.]
Gold: 950           SH:  0    Dex: 13    Spells: 14/14 levels left

rFire   x x .        a - +5 war axe (vamp)
rCold   x x .        O - +2 tower shield
rNeg    . . .        x - +0 plate armour
rPois   +            G - +2 hat
rElec   .            r - +0 cloak
rCorr   .            u - +0 pair of gloves
SInv    +            f - +0 pair of boots
Will    ++...        E - amulet of Elemental Vulnerability {rPois rF-- rC-- AC+8} Stlth
                     i - ring of willpower
HPRegen 0.43/turn    c - ring "Cugyesie" {rPois SInv}
MPRegen 0.13/turn

%: no passive effects
@: confused, lightly drained, unable to drink
A: horns 2, low MP 1, inability to drink after injury 2, no stealth, hated by
all, inability to train dodging, retaliatory headbutt
a: Renounce Religion, Draw Out Power, Power Leap, Apocalypse


You were on level 1 of the Spider Nest.
You worshipped Ru.
Ru was extremely pleased with you.
You visited 4 branches of the dungeon, and saw 19 of its levels.

You collected 2023 gold pieces.
You spent 1073 gold pieces at shops.

Inventory:

Hand Weapons
 a - a +5 vampiric war axe (weapon)
 b - a +4 sling
 h - a +5 morningstar
Missiles
 j - 17 poisoned darts (quivered)
 t - a throwing net
 C - a curare-tipped dart
 M - 5 atropa-tipped darts
Armour
 f - a +0 pair of boots (worn)
 r - a +0 cloak (worn)
 u - a +0 pair of gloves (worn)
 x - a +0 plate armour (worn)
 G - a +2 hat (worn)
 O - a +2 tower shield (worn)
Jewellery
 c - the ring "Cugyesie" (right hand) {rPois SInv}
   (You bought it in a shop on level 2 of the Orcish Mines)

   [ring of poison resistance]

   rPois:     It protects you from poison.
   SInv:      It lets you see invisible.
 i - a ring of willpower (left hand)
 p - a ring of resist corrosion
 E - the amulet of Elemental Vulnerability (around neck) {rPois rF-- rC-- AC+8}
   (You bought it in a shop on level 2 of the Dungeon)

   [amulet of nothing]

   AC:        It affects your AC (+8).
   rF:        It makes you very vulnerable to fire.
   rC:        It makes you very vulnerable to cold.
   rPois:     It protects you from poison.
Wands
 d - a wand of mindburst (13)
 w - a wand of polymorph (15)
 y - a wand of charming (4)
 D - a wand of flame (15)
 H - a wand of digging (6)
 J - a wand of light (3)
Scrolls
 e - 2 scrolls of amnesia
 k - a scroll of fog {unknown}
 l - a scroll of silence
 n - 4 scrolls of magic mapping
 q - a scroll of brand weapon
 s - 7 scrolls of teleportation
 v - 3 scrolls of fear
 L - a scroll of poison
Potions
 g - 17 potions of curing
 m - 4 potions of heal wounds
 o - a potion of haste {unknown}
 A - a potion of mutation
 B - 2 potions of flight
 F - a potion of resistance


   Skills:
 + Level 15.2 Fighting
 + Level 17.1(17.2) Axes
 - Level 2.4(11.4) Maces & Flails
 - Level 12.0 Ranged Weapons
 + Level 15.1 Armour
 + Level 10.4 Shields
 + Level 4.0 Evocations


You had 14 spell levels left.
You didn't know any spells.
Your spell library contained the following spells:

 Spells                   Type           Power      Damage    Failure   Level
 Foxfire                  Conj/Fire      0%         2x1d4     100%        1
 Necrotise                Necr           0%         1d4       100%        1
 Blink                    Tloc           0%         N/A       100%        2
 Ensorcelled Hibernation  Hex/Ice        0%         N/A       100%        2
 Lesser Beckoning         Tloc           0%         N/A       100%        2
 Momentum Strike          Conj/Tloc      0%         3d8       100%        2
 Passwall                 Tmut/Erth      0%         N/A       100%        2
 Sublimation of Blood     Necr           0%         N/A       100%        2
 Wereblood                Tmut           0%         N/A       100%        2
 Hailstorm                Conj/Ice       0%         3d3       100%        3
 Inner Flame              Hex/Fire       0%         N/A       100%        3
 Swiftness                Air            0%         N/A       100%        3
 Vampiric Draining        Necr           0%         2d6       100%        3
 Vhi's Electric Charge    Tloc/Air       0%         N/A       100%        3
 Flame Wave               Conj/Fire      0%         2d4       100%        4
 Ice Form                 Ice/Tmut       0%         N/A       100%        4
 Sticky Flame             Conj/Fire      0%         2d3       100%        4
 Agony                    Necr           0%         N/A       100%        5
 Arcjolt                  Conj/Air       0%         1d10      100%        5
 Fireball                 Conj/Fire      0%         3d3       100%        5
 Plasma Beam              Fire/Air       0%         2x1d11    100%        6
 Starburst                Conj/Fire      0%         6d3       100%        6
 Maxwell's Capacitive Co  Air            0%         ∞         100%        8
 Simulacrum               Ice/Necr       Unusable   N/A       N/A         6
 Summon Hydra             Summ           Unusable   N/A       N/A         7

Dungeon Overview and Level Annotations

Branches:
Dungeon (11/15)            Temple (0/1) D:7            Lair (5/5) D:11
  Swamp (0/4) Lair:3       Spider (1/4) Lair:2        Slime (0/5) Lair:5
    Orc (2/2) D:9             Elf (0/3) Orc:2

Altars:
Elyvilon
Nemelex Xobeh
Okawaru
Ru
Sif Muna
The Shining One

Shops:
D:1 *   D:2 =!:([   D:4 *   D:5 *   Orc:2 *(:=


Innate Abilities, Weirdness & Mutations

You have a pair of horns on your head.
Your magical capacity is low. (-10% MP)
You sometimes lose the ability to drink potions when taking damage.
You cannot be stealthy.
You are hated by all.
You cannot train Dodging skill.
You reflexively headbutt those who attack you in melee.


Message History

The demonic crawler hits you.
The demonic crawler hits you but does no damage.
The demonic crawler barely misses you.
You're too confused to move!
The wolf spider hits you but does no damage.
The wolf spider barely misses you.
The demonic crawler hits you but does no damage. x2
The demonic crawler hits you!
* * * LOW HITPOINT WARNING * * *
The wolf spider is stunned by your conviction and fails to attack.
The demonic crawler hits you but does no damage. x2
The demonic crawler closely misses you.
You bump into the rock wall.
The wolf spider hits you.
* * * LOW HITPOINT WARNING * * *
The wolf spider bites you!
* * * LOW HITPOINT WARNING * * *
The demonic crawler hits you but does no damage.
The demonic crawler hits you!
You feel threatened and lose the ability to drink potions!
* * * LOW HITPOINT WARNING * * *
The demonic crawler hits you but does no damage.
You bump into the rock wall.
The wolf spider hits you but does no damage.
The wolf spider bites you but does no damage.
The demonic crawler hits you but does no damage.
The demonic crawler barely misses you.
The demonic crawler hits you but does no damage.
The wolf spider hits you but does no damage.
The wolf spider bites you but does no damage.
You miss the wolf spider. You headbutt the wolf spider.
The wolf spider is heavily wounded.
You slash the demonic crawler!
The demonic crawler hits you but does no damage.
The demonic crawler barely misses you.
The demonic crawler hits you but does no damage.
The wolf spider hits you!
* * * LOW HITPOINT WARNING * * *
The wolf spider bites you but does no damage.
You bump into the rock wall.
The wolf spider hits you!
You die...

#..###..#.#####..##...#.#
#..#.#.... ...#.....#
##.#...# #..####..#
###.....# #...##..##
#.#...#### ##..####..#
##........# ###....##...#
....##....## #....#####..#
#....######...#†s#....#...#
###....#..# #..s@##..###..#
#.......# #..####..†...##
##.##†..##... ##.†...#
######..#.. ####...#
##..#### ....# #..## ######
#...# ####..# ##..##
###.#...## ##...# ###
#........#


You could see a demonic crawler and a wolf spider.

Vanquished Creatures
  Gastronok (D:11)
  A broodmother (Spider:1)
  An entropy weaver (Spider:1)
  3 boulder beetles
  An anaconda (Lair:4)
  A centaur warrior (D:11)
  A catoblepas (Lair:3)
  A two-headed ogre (Orc:1)
  13 death yaks
  5 orc high priests (Orc:2)
  Nergalle (D:11)
  A sun moth (Spider:1)
  2 skysharks
  Pikel (D:7)
  6 orc knights
  2 orc sorcerers (Orc:2)
  3 wolf spiders
  17 elephants
  Maurice (Orc:2)
  A torpor snail (Lair:5)
  10 black mambas
  A demonic crawler (Spider:1)
  9 cane toads
  A kobold demonologist (D:9)
  2 rime drakes
  7 komodo dragons
  4 polar bears
  6 trolls
  5 tarantellas (Spider:1)
  3 hornets
  16 blink frogs
  12 dream sheep (Lair:5)
  8 jumping spiders
  4 culicivoras
  2 vampires
  13 spriggans (Lair:5)
  A shadow (D:8)
  6 wyverns
  51 yaks
  3 steam dragons
  Eustachio (D:4)
  6 basilisks
  5 redbacks
  3 vampire mosquitoes (Lair:3)
  Menkaure (D:6)
  2 wargs
  2 acid dragons
  12 water moccasins
  29 orc warriors
  A sky beast (D:7)
  4 black bears
  An ice beast (D:5)
  4 ogres
  34 wolves
  4 boggarts (Lair:5)
  9 centaurs
  3 kobold brigands
  3 lemures (D:7)
  A phantom (D:6)
  Blork the orc (D:4)
  12 bullfrogs
  A scorpion (D:5)
  28 wights
  8 killer bees (D:9)
  An electric eel (Lair:3)
  4 howler monkeys
  2 jellies
  3 gnoll boudas
  Crazy Yiuf (D:7)
  6 hounds
  26 orc priests
  5 iguanas
  15 orc wizards
  A sleepcap (D:7)
  15 gnolls
  2 adders
  An ufetubus (D:5)
  A worm (D:5)
  3 dart slugs
  61 orcs
  7 ball pythons
  3 bats
  9 endoplasms
  3 giant cockroaches
  2 goblins (D:3)
  4 hobgoblins
  12 kobolds
  A quokka (D:5)
  7 frilled lizards
  2 rats (D:1)
599 creatures vanquished.

Vanquished Creatures (others)
  An ice dragon (Lair:2)
  A hydra (Lair:3)
  An elephant (Lair:1)
  A cane toad (Lair:5)
  A komodo dragon (Lair:4)
  A culicivora (Spider:1)
  A wolf (Lair:5)
7 creatures vanquished.

Grand Total: 606 creatures vanquished

Notes
Turn   | Place    | Note
-------+----------+-------------------------------------------
     0 | D:1      | eliilek the Minotaur Fighter began the quest for the Orb.
     0 | D:1      | Reached XP level 1. HP: 19/19 MP: 0/0
   326 | D:1      | Reached XP level 2. HP: 25/27 MP: 1/1
   486 | D:1      | Found Xiod's General Store.
   495 | D:1      | Bought a scroll of identify for 20 gold pieces
   495 | D:1      | Bought a potion of curing for 30 gold pieces
   863 | D:2      | Found Vanwemix's Jewellery Boutique.
   996 | D:2      | Reached skill level 1 in Dodging
  1006 | D:2      | Found Cuxacer's Antique Weapon Shoppe.
  1135 | D:2      | Found Cytewar's Book Boutique.
  1143 | D:2      | Found Mesh's Distillery.
  1161 | D:2      | Reached XP level 3. HP: 33/33 MP: 2/2
  1212 | D:2      | Found Geogh's Armour Shop.
  1695 | D:3      | Found a sparkling altar of Nemelex Xobeh.
  1702 | D:3      | Reached XP level 4. HP: 40/40 MP: 3/3
  1802 | D:3      | Reached skill level 5 in Armour
  1938 | D:3      | Reached XP level 5. HP: 47/47 MP: 4/4
  1939 | D:3      | Found a faded altar of an unknown god.
  1943 | D:3      | Prayed at the altar of an unknown god.
  1943 | D:3      | Became a worshipper of Ru the Awakened
  1971 | D:3      | Gained mutation: You cannot be stealthy. [Ru sacrifice]
  2421 | D:4      | Noticed Eustachio
  2438 | D:4      | Killed Eustachio
  2439 | D:4      | Reached skill level 5 in Fighting
  2439 | D:4      | Reached skill level 5 in Shields
  2439 | D:4      | Reached XP level 6. HP: 45/56 MP: 5/5
  2508 | D:4      | Noticed Blork the orc
  2527 | D:4      | Killed Blork the orc
  3071 | D:4      | Found Nyafono's General Store.
  3222 | D:5      | Entered Level 5 of the Dungeon
  3222 | D:5      | Noticed an ice beast
  3402 | D:4      | Reached skill level 1 in Axes
  3402 | D:4      | Reached XP level 7. HP: 34/61 MP: 6/6
  3517 | D:5      | Reached skill level 2 in Axes
  3738 | D:5      | Found Iwneaw's General Store.
  3771 | D:5      | Reached skill level 3 in Axes
  4240 | D:6      | Reached skill level 1 in Ranged Weapons
  4240 | D:6      | Reached XP level 8. HP: 70/70 MP: 7/7
  4245 | D:6      | Reached skill level 4 in Axes
  4259 | D:6      | Noticed Menkaure
  4265 | D:6      | Killed Menkaure
  4342 | D:6      | Reached skill level 5 in Axes
  4607 | D:6      | Reached skill level 6 in Axes
  4798 | D:6      | Found a white marble altar of Elyvilon.
  4799 | D:6      | Found an iron altar of Okawaru.
  4957 | D:6      | Found a glowing golden altar of the Shining One.
  5101 | D:7      | Reached XP level 9. HP: 65/79 MP: 8/8
  5157 | D:7      | Reached skill level 7 in Axes
  5293 | D:7      | Found a staircase to the Ecumenical Temple.
  5308 | D:7      | Noticed Pikel
  5327 | D:7      | Killed Pikel
  5443 | D:7      | Reached skill level 8 in Axes
  6222 | D:7      | Found a runed translucent door.
  6224 | D:7      | Noticed Crazy Yiuf
  6228 | D:7      | Killed Crazy Yiuf
  6338 | D:8      | Reached skill level 5 in Ranged Weapons
  6600 | D:8      | Reached skill level 9 in Axes
  6764 | D:8      | Reached XP level 10. HP: 85/90 MP: 9/9
  6971 | D:8      | Found a sacrificial altar of Ru.
  7279 | D:9      | Reached skill level 10 in Axes
  7464 | D:9      | Gained mutation: Your magical capacity is low. (-10% MP)
                  | [Ru sacrifice]
  7464 | D:9      | Reached * piety under Ru
  7490 | D:9      | Reached skill level 10 in Armour
  8107 | D:9      | Found a staircase to the Orcish Mines.
  8107 | D:9      | You fall into a shaft and drop 1 floor!
  8107 | D:10     | Entered Level 10 of the Dungeon
  8154 | D:10     | Reached skill level 11 in Axes
  8755 | D:2      | Bought the amulet of Elemental Vulnerability {rPois rF--
                  | rC-- AC+8} for 383 gold pieces
  8755 | D:2      | Found the amulet of Elemental Vulnerability {rPois rF--
                  | rC-- AC+8}
  8944 | D:10     | Reached XP level 11. HP: 99/99 MP: 8/8
  9101 | D:11     | Noticed Nergalle
  9120 | D:11     | Killed Nergalle
  9265 | D:11     | Reached skill level 10 in Fighting
  9274 | D:11     | Reached skill level 12 in Axes
  9399 | D:11     | Noticed a centaur warrior
  9415 | D:11     | Killed a centaur warrior
  9929 | D:11     | Noticed Gastronok
  9942 | D:11     | Killed Gastronok
 10008 | D:11     | Noticed a boulder beetle
 10027 | D:11     | Killed a boulder beetle
 10064 | D:11     | Reached skill level 13 in Axes
 10306 | D:11     | Found a staircase to the Lair.
 10323 | D:11     | Gained mutation: You occasionally lose the ability to drink
                  | potions when taking damage. [Ru sacrifice]
 10323 | D:11     | Gained mutation: You sometimes lose the ability to drink
                  | potions when taking damage. [Ru sacrifice]
 10323 | D:11     | Reached ** piety under Ru
 10394 | Lair:1   | Entered Level 1 of the Lair of Beasts
 10470 | Lair:1   | Reached XP level 12. HP: 94/110 MP: 9/9
 10566 | Lair:1   | Reached skill level 14 in Axes
 10581 | Lair:1   | Reached skill level 5 in Dodging
 11117 | Lair:1   | Noticed a boulder beetle
 11134 | Lair:1   | Killed a boulder beetle
 12007 | Lair:2   | Reached skill level 15 in Axes
 12165 | Lair:2   | Found a hole to the Spider Nest.
 12676 | Lair:2   | Noticed an eight-headed hydra
 12708 | Lair:2   | a 12-headed hydra changed into an ice dragon
 12708 | Lair:2   | Noticed an ice dragon
 12718 | Lair:2   | Killed an ice dragon
 12895 | Lair:2   | Gained mutation: You cannot train Dodging skill. [Ru
                  | sacrifice]
 12895 | Lair:2   | Reached *** piety under Ru
 13730 | Lair:3   | Noticed a catoblepas
 13749 | Lair:3   | Killed a catoblepas
 13861 | Lair:3   | Found a staircase to the Swamp.
 13954 | Lair:3   | Reached XP level 13. HP: 119/119 MP: 10/10
 14451 | Lair:4   | Reached skill level 10 in Ranged Weapons
 15161 | Lair:4   | You fall into a shaft and drop 1 floor!
 15161 | Lair:5   | Entered Level 5 of the Lair of Beasts
 15564 | Lair:5   | Found a staircase to the Slime Pits.
 15565 | Lair:5   | Found a viscous altar of Jiyva.
 16176 | Lair:5   | Gained mutation: You are hated by all. [Ru sacrifice]
 16176 | Lair:5   | Reached **** piety under Ru
 16176 | Lair:5   | Reached ***** piety under Ru
 16501 | Lair:5   | Reached XP level 14. HP: 130/130 MP: 11/11
 16711 | Lair:4   | Reached skill level 16 in Axes
 17358 | Lair:4   | Reached skill level 10 in Shields
 17991 | Lair:5   | Reached skill level 1 in Evocations
 18553 | Orc:1    | Entered Level 1 of the Orcish Mines
 18820 | Orc:2    | Entered Level 2 of the Orcish Mines
 18945 | Orc:2    | Noticed Maurice
 19154 | Orc:2    | Found a staircase to the Elven Halls.
 19160 | Orc:2    | Killed Maurice
 20072 | Orc:2    | Found Cohiseuf's General Store.
 20072 | Orc:2    | Found Yngafy's Weapon Shop.
 20073 | Orc:2    | Found Biutioti's Book Boutique.
 20073 | Orc:2    | Found Zaoppaeq's Jewellery Shop.
 20080 | Orc:2    | Bought a scroll of identify for 26 gold pieces
 20080 | Orc:2    | Bought a scroll of identify for 26 gold pieces
 20080 | Orc:2    | Bought a +0 tower shield for 58 gold pieces
 20094 | Orc:2    | Bought the ring "Cugyesie" {rPois SInv} for 530 gold pieces
 20204 | Orc:2    | Found a shimmering blue altar of Sif Muna.
 20472 | Orc:1    | Reached skill level 15 in Fighting
 20792 | Spider:1 | Entered Level 1 of the Spider Nest
 20855 | Spider:1 | Noticed a broodmother
 20873 | Spider:1 | Killed a broodmother
 20874 | Spider:1 | Reached XP level 15. HP: 109/125 MP: 3/12
 20927 | Spider:1 | Reached skill level 17 in Axes
 21188 | Spider:1 | Reached skill level 15 in Armour
 21476 | Spider:1 | Slain by a wolf spider

Illustrated notes

Levels and vault maps discovered:
D:1:      nagdon_arrival_zigzag_paths, layout_basic, serial_shops, shop
D:2:      layout_basic, serial_shops, shop, nicolae_shop_window_shopping,
          nicolae_shop_tiny_real_fake_doors, shop, shop, minmay_strange_pillars,
          skrybe_limestone_x
D:3:      layout_basic, nemelex_dance_club_becter,
          shapermc_ecumenical_altar_mp_ritualfount
D:4:      layout_loops_ring, serial_shops, nicolae_take_the_stairs,
          minmay_misc_feat_room, uniq_eustachio, uniq_blork_the_orc
D:5:      layout_basic, serial_shops, nicolae_shop_tiny_waterfront
D:6:      layout_rooms, chequers_temple_overflow_statue_of_worship,
          tso_oasis_becter, minivault_23, uniq_menkaure
D:7:      layout_basic, minmay_temple_entry_slanted, minmay_misc_feat_tiny,
          uniq_pikel, uniq_crazy_yiuf_cottage
D:8:      layout_loops_ring, mainiacjoe_overflow_boulevard,
          kennysheep_minor_cross
D:9:      nicolae_hitomezashi [nicolae_hito_row, nicolae_hito_row,
          nicolae_hito_row, nicolae_hito_row, nicolae_hito_row,
          nicolae_hito_row, nicolae_hito_row, nicolae_hito_row,
          nicolae_hito_row, nicolae_hito_row, nicolae_hito_row,
          nicolae_hito_row, nicolae_hito_row, nicolae_hito_row,
          nicolae_hito_row, nicolae_hito_row, nicolae_hito_row,
          nicolae_hito_row], layout_loops_ring, orc_0_dummy, minmay_circle_x
D:10:     layout_rooms
D:11:     layout_roguey, erik_lair_dragon, uniq_gastronok, uniq_nergalle
Lair:1:   layout_layer_cave, fungi_pond_lemuel
Lair:2:   layout_cave_shapes, spider_nest_entry_funnel_web
Lair:3:   layout_small_grid, minmay_swamp_entry_swarm,
          infiniplex_staircase_pool, grunt_megastairs_1, lemuel_fruit_tree,
          serial_bayou_shore_a
Lair:4:   beast_lair_carwin_large_1, layout_cave_pods
Lair:5:   minmay_lair_end_enchanted_forest, layout_misc_corridors,
          nicolae_slime_entry_slimehenge, minmay_stone_trees_small,
          serial_bayou_shore_b
Spider:1: layout_spider_delve, nicolae_spider_spiderdrome
Orc:1:    layout_caves
Orc:2:    st_orc_pillars, layout_caves, nicolae_orc_rockfall,
          kennysheep_orc_sif_temple, uniq_maurice

Skill      XL: |  1  2  3  4  5  6  7  8  9 10 11 12 13 14 15 |
---------------+----------------------------------------------+-----
Armour         | 4 5 6 7 8 9 10 11 12 13 14 15 | 15.1
Dodging        | 1 2 3 4 0 |  0.0
Shields        | 4 5 6 9 10 | 10.4
Fighting       | 4 5 6 7 8 9 11 12 13 15 | 15.2
Axes           | 1 3 6 9 11 13 15 16 17 | 17.1
Ranged Weapons | 1 3 5 7 8 9 11 12 | 12.0
Evocations     | 3 4 |  4.0
Maces & Flails | |  2.4

Action                     |  1- 3 |  4- 6 |  7- 9 | 10-12 | 13-15 || total
---------------------------+-------+-------+-------+-------+-------++-------
  Melee: Flail             |    39 |       |       |       |       ||    39
         Headbutt          |     3 |    10 |    34 |   142 |   244 ||   433
         War axe           |     8 |    86 |   232 |   517 |   901 ||  1744
         Morningstar       |       |       |       |       |     4 ||     4
   Fire: Sling             |       |       |    66 |   175 |   153 ||   394
  Throw: Dart              |     3 |     2 |       |       |     4 ||     9
         Throwing net      |       |     1 |       |       |       ||     1
 Invoke: Sacrifice Stealth |       |     1 |       |       |       ||     1
         Reject Sacrifices |       |       |     1 |       |     1 ||     2
         Sacrifice Essence |       |       |       |     1 |       ||     1
         Sacrifice Drink   |       |       |       |     1 |       ||     1
         Sacrifice Nimblen |       |       |       |     1 |       ||     1
         Draw Out Power    |       |       |       |       |     4 ||     4
         Sacrifice Love    |       |       |       |       |     1 ||     1
         Power Leap        |       |       |       |       |     1 ||     1
         Apocalypse        |       |       |       |       |     1 ||     1
  Evoke: Wand              |       |       |       |     2 |       ||     2
    Use: Scroll            |       |     4 |     4 |     6 |    10 ||    24
         Potion            |       |       |     1 |       |     2 ||     3
   Stab: Distracted        |       |       |       |     1 |     4 ||     5
         Invisible         |       |       |       |       |     6 ||     6
         Paralysed         |       |       |       |       |     4 ||     4
 Armour: Scale mail        |    12 |    20 |       |       |       ||    32
         Plate armour      |       |     7 |   140 |   337 |   545 ||  1029
  Dodge: Dodged            |    20 |    45 |    97 |   231 |   242 ||   635
  Block: Buckler           |     8 |    18 |    72 |   143 |   207 ||   448
         Tower shield      |       |       |       |       |   141 ||   141
